 Dungeon Crawl Stone Soup version 0.23.2-40-g277498a001 (webtiles) character file.

Game seed: 12722933836323962763

1638 H0rd4k the Cutter (level 9, -2/66 HPs)
             Began as a Human Artificer on Aug 23, 2019.
             Was an Initiate of Gozag.
             Slain by Psyche
             ... wielding a +4 dagger of chaos
              (6 damage)
             ... on level 8 of the Dungeon on Aug 26, 2019.
             The game lasted 00:12:33 (7924 turns).

H0rd4k the Cutter (Human Artificer)                 Turns: 7924, Time: 00:12:34

Health: -2/66      AC:  4    Str: 15    XL:     9   Next: 18%
Magic:  12/12      EV: 15    Int: 11    God:    Gozag
Gold:   497        SH:  0    Dex: 15    Spells: 8/8 levels left

rFire    . . .     SeeInvis .   a - +0 short sword
rCold    + . .     Gourm    .   (no shield)
rNeg     + + .     Faith    .   G - +0 robe "Hoedamud" {rF+ rN+ MR+} (curse)
rPois    .         Spirit   .   (no helmet)
rElec    .         Reflect  .   o - +1 cloak
rCorr    .         Harm     .   (no gloves)
MR       +....                  (no boots)
Stlth    ++........             (no amulet)
HPRegen  0.21/turn              A - ring of ice
MPRegen  0.13/turn              E - ring of positive energy

@: lethally poisoned (-2 -> -9), slowed, lightly drained, very slow
A: no striking features
a: Potion Petition, Call Merchant, Bribe Branch, Renounce Religion


You were on level 8 of the Dungeon.
You worshipped Gozag.
Gozag was aware of your devotion.
You were very hungry.

You visited 2 branches of the dungeon, and saw 9 of its levels.

You collected 586 gold pieces.
You paid 89 gold pieces to Gozag.

Inventory:

Hand Weapons
 a - a +0 short sword (weapon)
Missiles
 j - 6 tomahawks (quivered)
Armour
 b - a +0 leather armour
 o - a +1 cloak (worn)
 G - the cursed +0 robe "Hoedamud" (worn) {rF+ rN+ MR+}
   (You found it on level 8 of the Dungeon)

   It protects you from fire.
   It protects you from negative energy.
   It affects your resistance to hostile enchantments.
   It has a curse placed upon it.
Magical Staves
 I - an uncursed staff of power
Jewellery
 A - a ring of ice (left hand)
 E - a ring of positive energy (right hand)
Wands
 c - a wand of flame (38)
 d - a wand of enslavement (11)
 e - a wand of random effects (6)
 y - a wand of digging (5)
 D - a wand of polymorph (10)
Scrolls
 h - 3 scrolls of remove curse {unknown}
 i - 4 scrolls of identify {unknown}
 m - 3 scrolls of magic mapping {unknown}
 n - a scroll of enchant weapon {unknown}
 p - 2 scrolls of teleportation {unknown}
 r - 2 scrolls of blinking {unknown}
 u - 2 scrolls of enchant armour {unknown}
 v - 3 scrolls of noise {unknown}
 w - 3 scrolls of fog {unknown}
 C - 4 scrolls of immolation {unknown}
 F - 2 scrolls of amnesia {unknown}
Potions
 g - a potion of heal wounds {unknown}
 k - 3 potions of curing
 l - a potion of agility {unknown}
 q - a potion of mutation {unknown}
 s - a potion of might {unknown}
 t - 2 potions of flight {unknown}
 x - a potion of degeneration {unknown}
 z - a potion of haste {unknown}
 B - a potion of lignification {unknown}
 H - 2 potions of brilliance {unknown}
Comestibles
 f - 5 rations


   Skills:
 + Level 4.5(4.4) Fighting
 + Level 6.5(6.4) Short Blades
 + Level 0.2(0.1) Throwing
 + Level 3.5(3.3) Armour
 + Level 5.1(4.9) Dodging
 + Level 2.3(2.2) Stealth
 + Level 4.9(4.8) Evocations


You had 8 spell levels left.
You didn't know any spells.
Your spell library was empty.

Dungeon Overview and Level Annotations

Branches:
Dungeon (8/15)             Temple (1/1) D:7
   Lair: D:8-11

Altars:
Ashenzari
Cheibriados
Dithmenos
Elyvilon
Fedhas
Gozag
Hepliaklqana
Kikubaaqudgha
Nemelex Xobeh
Okawaru
Ru
Sif Muna
Trog
Uskayaw
Vehumet
Wu Jian
Xom
Yredelemnul
Zin

Annotations:
D:2 1 runed translucent door, Crazy Yiuf
D:4 Eustachio
D:7 2 runed translucent doors, exclusions: 2 downstairs and upstairs, crossborder's ghost, novice HOFi
D:8 Psyche


Message History

You are lethally poisoned!
Something hits you.
* * * LOW HITPOINT WARNING * * *
It was a potion of curing.
You feel better. Something barely misses you. Something hits you.
* * * LOW HITPOINT WARNING * * *
Something burns you.
* * * LOW HITPOINT WARNING * * *
Something hits you but does no damage. You partially resist.
You feel drained.
Evoke which item? (* to show all) (? for menu, Esc to quit)
Aiming: Random Effects
Press: ? - help, Shift-Dir - straight line Nothing appears to happen.
Something hits you.
* * * LOW HITPOINT WARNING * * *
You are poisoned.
Something hits you but does no damage. Space bends around you.
* * * LOW HITPOINT WARNING * * *
Something hits you.
You die...
Your body crumbles into a pile of gold.

..............##.....##.###+
#.............##........#...
.............##....#####...
................(..>...'...
###+#....#'####.#.###.##...
#........#.# #.#+###..#...
#).......#.# #.....##.#...
#........#.####.....##.#...
+........+@............#...
#........######.#+###..#...
#...............#+###..#...
#.....###..............#...
#%....+ +.....)........####
......###..................
.......##..............#....
................#....
................##...


There were no monsters in sight!

Vanquished Creatures
  Sigmund (D:2)
  An ice beast (D:6)
  An ogre (D:7)
  A centaur (D:5)
  A big kobold (D:8)
  5 bullfrogs
  A howler monkey (D:4)
  3 crimson imps
  A quasit (D:7)
  3 hounds
  2 orc priests (D:6)
  A centaur skeleton (D:5)
  A jelly (D:5)
  A gnoll shaman (D:7)
  A bullfrog skeleton (D:5)
  An orc wizard (D:6)
  3 worker ants
  10 adders
  13 gnolls
  A shadow imp (D:5)
  3 oozes
  A worm (D:3)
  A dart slug (D:1)
  3 leopard geckos
  6 orcs
  3 giant cockroaches
  6 goblins
  2 hobgoblins
  8 jackals
  6 kobolds
  2 quokkas
  A ball python (D:1)
  4 bats
  5 frilled lizards
  A leopard gecko skeleton (D:6)
  6 rats
110 creatures vanquished.

Vanquished Creatures (collateral kills)
  A leopard gecko (D:6)
1 creature vanquished.

Vanquished Creatures (others)
  A gnoll (D:6)
  A giant cockroach (D:6)
2 creatures vanquished.

Grand Total: 113 creatures vanquished

Notes
Turn   | Place    | Note
-------+----------+-------------------------------------------
     0 | D:1      | H0rd4k the Human Artificer began the quest for the Orb.
     0 | D:1      | Reached XP level 1. HP: 15/15 MP: 3/3
   178 | D:1      | Reached XP level 2. HP: 19/21 MP: 4/4
   589 | D:1      | Reached XP level 3. HP: 14/26 MP: 5/5
   846 | D:1      | Found a shattered altar of Ashenzari.
   902 | D:2      | Noticed Sigmund
   919 | D:2      | Killed Sigmund
   919 | D:2      | Reached skill level 2 in Short Blades
   919 | D:2      | Reached skill level 1 in Armour
   919 | D:2      | Reached XP level 4. HP: 26/32 MP: 5/7
   919 | D:2      | Reached XP level 5. HP: 31/37 MP: 5/8
   981 | D:2      | Reached XP level 6. HP: 24/43 MP: 9/9
  1162 | D:2      | Noticed an angel
  1163 | D:2      | Found a glowing silver altar of Zin.
  1361 | D:2      | Found a runed translucent door.
  1362 | D:2      | Noticed Crazy Yiuf
  1900 | D:3      | Found a shadowy altar of Dithmenos.
  2117 | D:3      | Found a radiant altar of Vehumet.
  2524 | D:4      | Reached skill level 3 in Short Blades
  2756 | D:4      | Noticed Eustachio
  2767 | D:5      | Entered Level 5 of the Dungeon
  3062 | D:5      | Reached XP level 7. HP: 32/51 MP: 10/10
  3484 | D:5      | Reached skill level 4 in Short Blades
  4489 | D:7      | Found a shadowy altar of Dithmenos.
  4503 | D:7      | Found a staircase to the Ecumenical Temple.
  4524 | D:7      | Reached XP level 8. HP: 24/58 MP: 11/11
  4527 | Temple   | Entered the Ecumenical Temple
  4536 | Temple   | Became a worshipper of Gozag Ym Sagoz the Greedy
  4837 | D:6      | Reached skill level 5 in Short Blades
  5220 | D:7      | Found a large runed translucent door.
  5221 | D:7      | Found a large runed translucent door.
  5224 | D:7      | Noticed crossborder's ghost (novice HOFi)
  5656 | D:6      | Found a shimmering altar of Xom.
  6694 | D:6      | Reached skill level 6 in Short Blades
  6978 | D:6      | Reached XP level 9. HP: 50/65 MP: 12/12
  7333 | D:7      | Reached skill level 5 in Dodging
  7488 | D:8      | Got a shimmering robe
  7499 | D:8      | Identified the cursed +0 robe "Hoedamud" {rF+ rN+ MR+} (You
                  | found it on level 8 of the Dungeon)
  7903 | D:8      | Noticed Psyche
  7924 | D:8      | Slain by Psyche

Skill      XL: |  1  2  3  4  5  6  7  8  9 |
---------------+----------------------------+-----
Short Blades   | 2 3 4 6 |  6.5
Armour         | 1 2 3 |  3.5
Evocations     | 4 |  4.9
Dodging        | 3 4 5 |  5.1
Fighting       | 2 3 4 |  4.5
Stealth        | 2 |  2.3
Throwing       | |  0.2

Action                   |  1- 3 |  4- 6 |  7- 9 || total
-------------------------+-------+-------+-------++-------
Melee: Short sword       |    72 |   185 |   450 ||   707
Throw: Tomahawk          |       |     1 |     2 ||     3
Evoke: Wand              |     4 |    12 |    36 ||    52
  Use: Potion            |       |       |     1 ||     1
 Stab: Sleeping          |     2 |       |     4 ||     6
  Eat: Chunk             |       |     7 |     1 ||     8
       Ration            |       |       |     4 ||     4
Armor: Leather armour    |    25 |    39 |    85 ||   149
       Robe              |       |       |     6 ||     6
Dodge: Dodged            |    57 |   124 |   275 ||   456
